AoeStats
← Adino the Eznite

Lombardia

507907248Analyzed
4v4 RM · 11d ago on Sep 20, 2026· 13m 50s· 8 players
Game mode
Random Map
Map size
Large (8 player)
Population
200
Speed
Normal
Resources
Standard
Victory
Conquest
Starting age
Dark Age
Ending age
Imperial Age
RankedLock teamsTeams togetherTeam positionsShared explorationLock speedFull tech treeHidden civsTurbo modeCheats
Victory
Defeat
🇺🇸 Britons · United States
1381
+12
🇺🇸 Franks · United States
1361
+13
🇺🇸 Khmer · United States
1354
+13
🇺🇸 Ethiopians · United States
1320
+15
🇳🇿 Byzantines · New Zealand
1348
-15
🇳🇿 Vietnamese · New Zealand
1313
-14
🇨🇳 Maya · China
1271
-12
🇨🇳 Magyars · China
1256
-12
Seabis
3:48 Loom
9:19 Feudal Age
9:55 Double-Bit Axe
bailey
8:54 Feudal Age
8:59 Man-at-Arms
10:51 Arson
12:02 Forging
Adino the Eznite
9:12 Feudal Age
11:58 Fletching
12:21 Forging
RainMaker
9:40 Feudal Age
deadlydisease
sherryspk
0:34 Loom
Far King Noob
2038413966
Connection lost

Rejoining the realm…

Still unreachable

The connection could not be restored.

Session expired

The server has moved on; the page needs a fresh start.